 Dungeon Crawl Stone Soup version 0.21-a0-442-g848f44b (webtiles) character file.

822 slep the Slasher (level 7, -2/55 HPs)
             Began as a Demonspawn Monk on Nov 13, 2017.
             Was a Believer of Okawaru.
             Splashed by a jelly's acid (8 damage)
             ... on level 5 of the Dungeon.
             The game lasted 00:23:48 (3328 turns).

slep the Slasher (Demonspawn Monk)                  Turns: 3328, Time: 00:23:50

Health: -2/55      AC:  5    Str: 12    XL:     7   Next: 63%
Magic:  6/7        EV: 13    Int: 12    God:    Okawaru [**....]
Gold:   303        SH:  0    Dex: 22    Spells: 4/6 levels left

rFire    + . .     SeeInvis .   a - +0 falchion
rCold    . . .     Gourm    .   (no shield)
rNeg     . . .     Faith    .   J - +0 swamp dragon scales
rPois    +         Spirit   .   y - +0 helmet
rElec    .         Reflect  .   I - scarf {cloud immunity}
rCorr    .         Harm     .   (no gloves)
MR       .....                  H - +0 pair of boots
Stlth    ++........             (no amulet)
HPRegen  0.18/turn              l - +6 ring of dexterity
MPRegen  0.10/turn              s - ring of protection from fire

@: corroded, very slightly contaminated
A: icy blue scales 2, demonic guardian 1, powered by pain 1
a: Heroism, Renounce Religion


You were on level 5 of the Dungeon.
You worshipped Okawaru.
Okawaru was pleased with you.
You were not hungry.

You visited 2 branches of the dungeon, and saw 6 of its levels.

You collected 303 gold pieces.

Inventory:

Hand Weapons
 a - a +0 falchion (weapon)
 p - a +2 hunting sling of flaming
 D - a +0 dagger
 F - a +1 hand axe of electrocution
 K - a +2 dagger of venom
Missiles
 e - 4 tomahawks of returning (quivered)
 k - 4 javelins
 w - 5 tomahawks
 N - a throwing net
Armour
 b - a +0 robe
 g - a +0 leather armour
 n - a +0 scale mail
 y - a +0 helmet (worn)
 H - a +0 pair of boots (worn)
 I - a scarf of cloud immunity (worn)
 J - +0 swamp dragon scales (worn)
Magical Staves
 m - an uncursed staff of earth
Jewellery
 l - a +6 ring of dexterity (left hand)
 q - an uncursed ring of protection from magic
 s - a ring of protection from fire (right hand)
Wands
 M - a wand of paralysis (12/24)
Scrolls
 d - a scroll of random uselessness {unknown}
 h - 4 scrolls of remove curse
 i - a scroll of enchant armour {unknown}
 o - a scroll of amnesia {unknown}
 u - 2 scrolls of identify {unknown}
 v - 2 scrolls of magic mapping {unknown}
 A - 3 scrolls of teleportation {unknown}
Potions
 j - a potion of lignification {unknown}
 t - a potion of heal wounds {unknown}
 x - 2 potions of brilliance {unknown}
 z - 2 potions of curing
 B - 2 potions of berserk rage {unknown}
 E - a potion of mutation {unknown}
 L - a potion of might {unknown}
Books
 r - a book of Minor Magic

   Spells                             Type                      Level
   a - Magic Dart                     Conjuration                  1
   b - Blink                          Translocation                2
   c - Call Imp                       Summoning                    2
   d - Slow                           Hexes                        2
   e - Conjure Flame                  Conjuration/Fire             3
   f - Mephitic Cloud                 Conjuration/Poison/Air       3
Comestibles
 c - 3 bread rations
 f - 2 meat rations
 C - a royal jelly
 G - 2 chunks of flesh


   Skills:
 + Level 4.4 Fighting
 + Level 1.2(3.6) Short Blades
 + Level 5.5(5.6) Long Blades
 + Level 1.6 Axes
 + Level 1.1 Throwing
 + Level 2.7 Armour
 + Level 3.9 Dodging
 + Level 2.2 Stealth
 + Level 0.1 Spellcasting
 + Level 0.8 Translocations


You had 4 spell levels left.
You knew the following spells:

 Your Spells              Type           Power        Failure   Level  Hunger
a - Blink                 Tloc           N/A          61%         2    ###....


Dungeon Overview and Level Annotations

Branches:
Dungeon (5/15)             Temple (1/1) D:4

Altars:
Ashenzari
Cheibriados
Dithmenos
Elyvilon
Fedhas
Gozag
Hepliaklqana
Kikubaaqudgha
Makhleb
Nemelex Xobeh
Okawaru
Qazlal
Ru
Sif Muna
Trog
Uskayaw
Vehumet
Wu Jian
Xom
Yredelemnul
Zin
The Shining One

Shops:
D:5 *


Innate Abilities, Weirdness & Mutations

You are mostly covered in icy blue scales. (AC +3)
A weak demonic guardian rushes to your aid.
You sometimes gain a little power by taking damage.


Message History

You hit the jelly but do no damage. The acid corrodes you!
Your hands burn!
* * * LOW HITPOINT WARNING * * *
The jelly is almost dead.
The jelly completely misses you.
You hit the jelly but do no damage.
Your hands burn!
* * * LOW HITPOINT WARNING * * *
The jelly is almost dead.
The jelly barely misses you.
You hit the jelly but do no damage.
Your hands burn!
* * * LOW HITPOINT WARNING * * *
The jelly is severely wounded.
The jelly barely misses you.
You riposte.
You hit the jelly but do no damage.
The jelly is severely wounded.
You hit the jelly but do no damage.
Your hands burn!
* * * LOW HITPOINT WARNING * * *
The jelly is severely wounded.
The jelly hits you.
* * * LOW HITPOINT WARNING * * *
You are splashed with acid!
The acid burns!
You die...

#......# #......# #......#
.... #%.....#
....###########......#
.....................#
.................J...#######
................@....#.....#
.....................#.....#
...g...........#######.....#
####'#......#)..........#
#....#####'##....#########
+...............##...#...#
##.........##...##.##.##.###
######....##...).##.##.##_#
#...##....'....###.##.##.##


You could see a jelly.

Vanquished Creatures
  Eustachio (D:4)
  3 scorpions (D:4)
  2 crimson imps
  2 orc priests
  4 orc wizards (D:4)
  An iguana (D:4)
  A worker ant (D:4)
  7 gnolls (D:5)
  4 adders
  An ooze (D:4)
  3 worms
  4 dart slugs
  4 leopard geckos
  19 orcs
  A ball python (D:3)
  4 giant cockroaches
  A hobgoblin (D:2)
  A quokka (D:5)
  5 bats
  4 frilled lizards
  3 goblins
  8 kobolds
  9 rats
92 creatures vanquished.

Vanquished Creatures (collateral kills)
  An orc wizard (D:2)
  A worker ant (D:5)
  A gnoll (D:5)
  An adder skeleton (D:3)
  An orc (D:4)
  A giant cockroach (D:3)
6 creatures vanquished.

Grand Total: 98 creatures vanquished

Notes
Turn   | Place    | Note
-------+----------+-------------------------------------------
     0 | D:1      | slep the Demonspawn Monk began the quest for the Orb.
     0 | D:1      | Reached XP level 1. HP: 18/18 MP: 1/1
   267 | D:1      | Gained mutation: A weak demonic guardian rushes to your aid. [demonic ancestry]
   267 | D:1      | Reached XP level 2. HP: 24/24 MP: 2/2
   437 | D:1      | Reached skill level 3 in Long Blades
   876 | D:2      | Reached XP level 3. HP: 20/29 MP: 3/3
  1338 | D:3      | Gained mutation: You are partially covered in icy blue scales. (AC +2) [demonic ancestry]
  1338 | D:3      | Reached XP level 4. HP: 27/35 MP: 4/4
  1344 | D:3      | Reached skill level 1 in Throwing
  1344 | D:3      | Reached skill level 1 in Armour
  1804 | D:3      | Gained mutation: You sometimes gain a little power by taking damage. [demonic ancestry]
  1804 | D:3      | Reached XP level 5. HP: 35/41 MP: 5/5
  2343 | D:4      | Reached skill level 4 in Long Blades
  2370 | D:4      | Gained mutation: You are mostly covered in icy blue scales. (AC +3) [demonic ancestry]
  2370 | D:4      | Reached XP level 6. HP: 34/48 MP: 6/6
  2401 | D:4      | Learned a level 2 spell: Blink
  2482 | D:4      | Found a staircase to the Ecumenical Temple.
  2501 | Temple   | Entered the Ecumenical Temple
  2551 | Temple   | Became a worshipper of Warmaster Okawaru
  2551 | Temple   | Reached * piety under Okawaru
  2551 | Temple   | Reached ** piety under Okawaru
  2629 | D:4      | Noticed Eustachio
  2645 | D:4      | Killed Eustachio
  2645 | D:4      | Reached skill level 1 in Short Blades
  2645 | D:4      | Reached XP level 7. HP: 37/55 MP: 7/7
  2669 | D:4      | Reached skill level 5 in Long Blades
  2686 | D:4      | Reached skill level 1 in Axes
  3023 | D:5      | Entered Level 5 of the Dungeon
  3033 | D:5      | Found Cauvum's Assorted Antiques.
  3278 | D:5      | Found a sparkling altar of Nemelex Xobeh.
  3328 | D:5      | Splashed by a jelly's acid

Vault maps used:
D:1:      evilmike_arrival_run_for_it
D:3:      first_bread
D:4:      minmay_wonky_spiral, minmay_temple_entry_purple_smoke, uniq_eustachio
D:5:      marbit_many_paths, serial_shops,
          nicolae_shop_temple_entry_statues_fountains,
          kennysheep_generic_room_4, uniq_menkaure
Temple:   grunt_wide_crystal_templ

Skill      XL: |  1  2  3  4  5  6  7 |
---------------+----------------------+-----
Dodging        | 3 |  3.9
Long Blades    | 3 4 5 |  5.5
Stealth        | 2 |  2.2
Throwing       | 1 |  1.1
Armour         | 1 2 |  2.7
Fighting       | 4 |  4.4
Short Blades   | 1 |  1.2
Axes           | 1 |  1.6
Spellcasting   | |  0.1
Translocations | |  0.8

Action                   |  1- 3 |  4- 6 |  7- 9 || total
-------------------------+-------+-------+-------++-------
Melee: Falchion          |    75 |   126 |   124 ||   325
       Dagger            |       |    29 |       ||    29
       Hand axe          |       |    15 |    18 ||    33
Throw: Tomahawk          |    23 |     2 |       ||    25
 Cast: Blink             |       |     1 |       ||     1
  Use: Scroll            |       |     1 |       ||     1
       Potion            |       |       |     1 ||     1
 Stab: Sleeping          |     2 |     1 |     2 ||     5
  Eat: Chunk             |     1 |     5 |     3 ||     9
Armor: Leather armour    |     8 |       |       ||     8
       Scale mail        |     8 |    58 |       ||    66
       Swamp dragon scal |       |     8 |    51 ||    59
Dodge: Dodged            |    45 |    87 |    89 ||   221
       Rpst.: Falchion   |    12 |    22 |    23 ||    57

Table legend:
 A = Spawn XP
 B = Non-spawn XP
 C = Spawn XP percentage of total XP
 D = Spawn monster count
 E = Non-spawn monster count
 F = Spawn count percentage of total count
 G = Total turns spent on level
                    A         B        C        D         E        F      G
               +---------+---------+-------+---------+---------+-------+---------
         Total |       0 |    1175 |   0.0 |       0 |      98 |   0.0 |  3328
               +---------+---------+-------+---------+---------+-------+---------
           D:1 |       0 |      25 |   0.0 |       0 |      12 |   0.0 |   680
           D:2 |       0 |      69 |   0.0 |       0 |      14 |   0.0 |   634
           D:3 |       0 |     127 |   0.0 |       0 |      29 |   0.0 |   899
           D:4 |       0 |     771 |   0.0 |       0 |      29 |   0.0 |   746
           D:5 |       0 |     183 |   0.0 |       0 |      14 |   0.0 |   305
               +---------+---------+-------+---------+---------+-------+---------
